 Dungeon Crawl Stone Soup version 0.15.2 (webtiles) character file.

107 Huymann the Magician (level 4, 0/28 HPs)
             Began as a High Elf Wizard on Feb 20, 2015.
             Slain by a sky beast (4 damage)
             ... on Level 4 of the Dungeon.
             The game lasted 00:17:24 (3547 turns).

Huymann the Magician (High Elf Wizard)              Turns: 3547, Time: 00:17:24

HP   0/28        AC  3     Str  7      XL: 4   Next: 56%
MP   3/15        EV 13     Int 22      God:
Gold 111         SH  0     Dex 13      Spells:  6 memorised,  0 levels left

rFire  . . .     SeeInvis .     w - +0 dagger
rCold  . . .     Clarity  .     h - +1 robe
rNeg   . . .     rCorr    .     (no shield)
rPois  .         rRot     .     b - +0 hat
rElec  .         Spirit   .     (no cloak)
SustAb .         Warding  .     (no gloves)
rMut   .         Stasis   .     (no boots)
Gourm  .                        (no amulet)
MR     +....                    (no ring)
                                q - ring of protection from magic

@: somewhat resistant to hostile enchantments, unstealthy
A: no striking features
a: no special abilities


You were on level 4 of the Dungeon.
You were not hungry.

You visited 1 branch of the dungeon, and saw 4 of its levels.

You collected 111 gold pieces.

Inventory:

Hand weapons
 o - a -1 spear
 u - a +0 spear
 w - a +0 dagger (weapon)
Missiles
 g - 6 needles of slowing
 n - 14 poisoned needles
 r - 5 poisoned javelins (quivered)
Armour
 a - a +0 robe
 b - a +0 hat (worn)
 h - a +1 robe (worn)
 v - a +0 helmet
Comestibles
 d - 4 bread rations
 s - a royal jelly
 t - a slice of pizza
 x - 2 chunks of hobgoblin flesh
Scrolls
 e - a scroll of identify
 f - 3 scrolls of remove curse
Jewellery
 q - a ring of protection from magic (left hand)
Potions
 i - a potion of magic {unknown}
 j - 4 potions of curing
 l - a potion of degeneration {unknown}
 m - 2 potions of might {unknown}
 p - 2 potions of heal wounds
 A - a potion of poison {unknown}
 B - a potion of agility {unknown}
 C - a potion of cancellation {unknown}
Books
 c - a book of Minor Magic

   Spells                             Type                      Level
   *Magic Dart                        Conjuration                  1
   *Blink                             Translocation                2
   *Call Imp                          Summoning                    2
   Repel Missiles                     Charms/Air                   2
   Slow                               Hexes                        2
   *Conjure Flame                     Conjuration/Fire             3
   *Mephitic Cloud                    Conjuration/Poison/Air       3
 k - a book of Flames

   Spells                             Type                      Level
   *Flame Tongue                      Conjuration/Fire             1
   Throw Flame                        Conjuration/Fire             2
   *Conjure Flame                     Conjuration/Fire             3
   Inner Flame                        Hexes/Fire                   3
   Sticky Flame                       Conjuration/Fire             4
   Fireball                           Conjuration/Fire             5


   Skills:
 * Level 1.1 Fighting
 * Level 1.4 Short Blades
 + Level 2.7 Dodging
 + Level 2.1 Stealth
 + Level 4.8 Spellcasting
 * Level 2.0 Conjurations
 + Level 1.2 Summonings
 + Level 1.1 Translocations


You couldn't memorise any spells.
You knew the following spells:

 Your Spells              Type           Power        Failure   Level  Hunger
a - Magic Dart            Conj           ##..         6%          1    None
b - Blink                 Tloc           N/A          12%         2    None
c - Call Imp              Summ           ##......     12%         2    None
d - Mephitic Cloud        Conj/Pois/Air  #.......     28%         3    ##.....
e - Conjure Flame         Conj/Fire      #.......     21%         3    ##.....
f - Flame Tongue          Conj/Fire      #....        10%         1    None


Dungeon Overview and Level Annotations

Branches:
Dungeon (4/15)
 Temple: D:4-7

Altars:
Trog


Message History

Found 18 gold pieces.
Your crimson imp closely misses something.
Casting: Call Imp
Confirm with . or Enter, or press ? or * to list all spells.
A beastly little devil appears in a puff of flame.
Something hits you. Something shocks you.
* * * LOW HITPOINT WARNING * * *
Your crimson imp hits something but does no damage.
Your crimson imp blinks!
Your crimson imp disappears in a puff of smoke!
Something hits you but does no damage.
Casting: Call Imp
Confirm with . or Enter, or press ? or * to list all spells.
Aiming: Conjure Flame
Press: ? - help, Dir - move target cursor You see a ghostly outline there, and the spell fizzles.
A sky beast appears from thin air!
Reactivating autopickup.
The sky beast hits you.
You die...

.....###...# #. #....#.....#
##.# #.........## ##..# $
..###......###...# .... .#
##...).......# .....
#####.....>......# ....##
..##............## .....##
......######.....#####.......
###....## #...@Y..........#
#......## ##..###........#
#.......###..## ##...##..#
#...........## #.5..#
#..##......## #..#55...# #..#
#......# #..####....# ..#
##...#..# #.# #.<... .
#.####..##.. .#... . #...
..#..# ###


You could see a sky beast and 3 friendly crimson imps.

Vanquished Creatures
  3 gnolls (D:3)
  A giant mite (D:3)
  2 giant geckos (D:1)
  An ooze (D:3)
  4 ball pythons
  5 goblins
  7 hobgoblins
  5 kobolds
  9 bats
  5 giant cockroaches
  A giant newt (D:1)
  10 rats
53 creatures vanquished.

Vanquished Creatures (collateral kills)
  An adder (D:2)
  A gnoll (D:3)
  A worm (D:2)
  A hobgoblin (D:2)
4 creatures vanquished.

Vanquished Creatures (others)
  A kobold (D:1)
1 creature vanquished.

Grand Total: 58 creatures vanquished

Notes
Turn   | Place    | Note
--------------------------------------------------------------
     0 | D:1      | Huymann, the High Elf Wizard, began the quest for the Orb.
     0 | D:1      | Reached XP level 1. HP: 11/11 MP: 5/5
   229 | D:1      | Reached skill level 4 in Spellcasting
   488 | D:1      | Reached XP level 2. HP: 17/17 MP: 4/8
  1470 | D:1      | Learned a level 2 spell: Blink
  1473 | D:1      | Learned a level 2 spell: Call Imp
  1511 | D:2      | Reached XP level 3. HP: 11/21 MP: 8/11
  1802 | D:2      | Reached skill level 1 in Summonings
  2076 | D:2      | Learned a level 3 spell: Mephitic Cloud
  2080 | D:2      | Learned a level 3 spell: Conjure Flame
  2697 | D:3      | Reached skill level 1 in Short Blades
  2732 | D:3      | Reached XP level 4. HP: 24/27 MP: 7/15
  3051 | D:3      | Reached skill level 1 in Fighting
  3164 | D:3      | Found a bloodstained altar of Trog.
  3483 | D:4      | Learned a level 1 spell: Flame Tongue
  3527 | D:4      | Noticed a sky beast
  3547 | D:4      | Slain by a sky beast

Action                   |  1- 3 |  4- 6 || total
-------------------------+-------+-------++-------
Melee: Spear             |    17 |       ||    17
       Dagger            |    12 |    14 ||    26
 Cast: Magic Dart        |   101 |    17 ||   118
       Call Imp          |     7 |     5 ||    12
       Mephitic Cloud    |     1 |     1 ||     2
       Conjure Flame     |       |     1 ||     1
       Flame Tongue      |       |     1 ||     1
  Use: Scroll            |     7 |     2 ||     9
 Stab: Confused          |     1 |     1 ||     2
  Eat: Chunk             |     5 |     3 ||     8
